 Dungeon Crawl Stone Soup version 0.29.1-12-g30fa7ad0bf (webtiles) character file.

Game seed: 84565320970396608

1012 raph the Summoner (level 8, -1/41 HPs)
             Began as a Deep Elf Summoner on Dec 31, 2022.
             Killed from afar by an orc wizard (3 damage)
             ... with a puff of flame
             ... on level 5 of the Dungeon.
             The game lasted 00:09:53 (4838 turns).

raph the Summoner (Deep Elf Summoner)               Turns: 4838, Time: 00:09:53

Health: -1/41      AC:  5    Str:  5    XL:     8   Next: 1%
Magic:  11/19      EV: 13    Int: 23    God:
Gold:   216        SH:  9    Dex: 15    Spells: 3/19 levels left

rFire   + . .      SeeInvis .   e - +7 Throatcutter {drain, coup de grace}
rCold   . . .      Faith    .   p - +0 buckler
rNeg    . . .      Spirit   .   r - +2 robe {rF+}
rPois   .          Reflect  +   u - +0 helmet
rElec   .          Harm     .   (no cloak)
rCorr   .          Rampage  .   (no gloves)
Will    +....                   (no boots)
Stlth   ++........              s - amulet of reflection
HPRegen 0.13/turn               j - ring of willpower
MPRegen 0.16/turn               w - ring of wizardry

@: lethally poisoned (-1 -> -11)
A: no striking features
a: no special abilities


You were on level 5 of the Dungeon.
You visited 1 branch of the dungeon, and saw 5 of its levels.

You collected 216 gold pieces.

Inventory:

Hand Weapons
 e - the +7 Throatcutter (weapon) {drain, coup de grace}
   (You took it off Terence on level 3 of the Dungeon)

   A truly terrible weapon, it drains the life of any living foe it strikes.
   It may instantly kill foes which have little health.
 i - a +0 dagger of freezing
 n - a +2 vampiric dagger
Missiles
 m - 7 poisoned darts
Armour
 a - a +0 robe
 h - a +0 leather armour
 p - a +0 buckler (worn)
 r - a +2 robe of fire resistance (worn)
 u - a +0 helmet (worn)
Jewellery
 j - a ring of willpower (left hand)
 s - an amulet of reflection (around neck)
 w - a ring of wizardry (right hand)
Wands
 v - a wand of digging (1)
Scrolls
 c - a scroll of fear
 q - a scroll of teleportation
 t - a scroll of immolation {unknown}
Potions
 b - a potion of magic
 d - a potion of mutation
 g - a potion of haste {unknown}
 k - a potion of resistance
 l - a potion of lignification
 o - a potion of heal wounds


   Skills:
 + Level 4.5 Dodging
 - Level 2.4 Stealth
 + Level 2.4 Shields
 + Level 6.0 Spellcasting
 * Level 8.7 Summonings
 + Level 0.6 Air Magic


You had 3 spell levels left.
You knew the following spells:

 Your Spells              Type           Power      Damage    Failure   Level
a - Summon Small Mammal   Summ           100%       N/A       1%          1
b - Call Imp              Summ           47%        N/A       1%          2
c - Call Canine Familiar  Summ           47%        N/A       1%          3
d - Summon Guardian Gole  Hex/Summ       27%        N/A       2%          3
e - Summon Lightning Spi  Summ/Air       28%        N/A       6%          4
f - Mephitic Cloud        Conj/Pois/Air  7%         N/A       12%         3

Your spell library contained the following spells:

 Spells                   Type           Power      Damage    Failure   Level
 Necrotise                Necr           24%        1d5       4%          1
 Poisonous Vapours        Pois/Air       16%        N/A       6%          2
 Ignite Poison            Fire/Tmut/Pois 6%         N/A       13%         3
 Vampiric Draining        Necr           6%         2d6       13%         3
 Corpse Rot               Necr/Pois/Air  7%         N/A       38%         4
 Freezing Cloud           Conj/Ice/Air   3%         6-21      71%         5
 Agony                    Necr           6%         N/A       73%         5


Dungeon Overview and Level Annotations

Branches:
Dungeon (5/15)
 Temple: D:4-7

Altars:


Message History

The bolt of electricity hits the orc warrior!
The orc warrior dies!
Your Spellcasting skill increases to level 6!
You have reached level 8!
You feel clever.
You feel sick.
You start resting.
You feel sick.
Your lightning spire disappears in a puff of smoke!
You hear some strange, mumbled words.
A puff of flame appears from out of thin air!
The puff of flame hits you. You resist. What are your orders? t - Shout!
Orders for allies: a - Attack new target. r - Retreat! s - Stop attacking. g - Guard the area. f - Follow me.
Anything else - Cancel.
Gang up on whom?
Press: ? - help, Dir - move target There's nothing there!
You feel sick.
You are no longer poisoned.
Something hits you.
You miss something. Something hits you but does no damage.
You are poisoned.
Something hits you.
* * * LOW HITPOINT WARNING * * *
You are lethally poisoned!
* * * LOW HITPOINT WARNING * * *
You feel very sick. You block something's attack.
You feel better. Something hits you.
* * * LOW HITPOINT WARNING * * *
You are lethally poisoned!
* * * LOW HITPOINT WARNING * * *
You feel very sick.
You hear some strange, mumbled words.
A puff of flame appears from out of thin air!
The puff of flame hits you. You resist.
You die...

##..# #.......# ##..##
##.......####
.....###...........#####
........................
....#.....................
....##.......###..........
............## #..........
###........## #..........
###........# #@.........
..........## ##..........
.......(..# ##9{.)...)...
..........# ##.......)....
...........##....?........
.....##.....h.............
#...####...............)..
##..# #...>..............
##..# ##.................


You could see a friendly guardian golem (summoned) and a friendly hound
(summoned, sheltered).

Vanquished Creatures
  A scorpion (D:5)
  2 iguanas (D:4)
  Robin (D:4)
  3 adders
  A ball python (D:2)
  2 bats (D:1)
  An endoplasm (D:4)
  A giant cockroach (D:3)
  4 goblins
  A hobgoblin (D:4)
  A kobold (D:2)
  2 quokkas
  3 frilled lizards
23 creatures vanquished.

Vanquished Creatures (collateral kills)
  Sigmund (D:4)
  An orc warrior (D:5)
  An ice beast (D:4)
  A howler monkey (D:2)
  Jessica (D:2)
  Terence (D:3)
  3 gnolls (D:2)
  4 adders
  2 worms (D:2)
  3 orcs (D:5)
  An endoplasm (D:4)
  3 giant cockroaches
  10 goblins
  8 hobgoblins
  4 jackals (D:1)
  4 kobolds
  2 quokkas
  6 ball pythons
  4 bats
  3 frilled lizards
  5 rats
68 creatures vanquished.

Vanquished Creatures (others)
  A wyvern (D:4)
  Menkaure (D:4)
  A goblin (D:4)
3 creatures vanquished.

Grand Total: 94 creatures vanquished

Notes
Turn   | Place    | Note
-------+----------+-------------------------------------------
     0 | D:1      | raph the Deep Elf Summoner began the quest for the Orb.
     0 | D:1      | Reached XP level 1. HP: 10/10 MP: 6/6
   290 | D:1      | Reached XP level 2. HP: 7/15 MP: 5/8
   307 | D:1      | Reached skill level 5 in Summonings
   711 | D:1      | Learned a level 2 spell: Call Imp
  1178 | D:2      | Reached XP level 3. HP: 19/19 MP: 4/9
  1311 | D:1      | Learned a level 3 spell: Call Canine Familiar
  1322 | D:2      | Noticed Jessica
  1333 | D:2      | Killed Jessica
  1334 | D:2      | Reached skill level 6 in Summonings
  1428 | D:2      | Reached XP level 4. HP: 14/24 MP: 7/10
  1674 | D:2      | Learned a level 3 spell: Summon Guardian Golem
  1842 | D:2      | Reached XP level 5. HP: 26/28 MP: 10/12
  2400 | D:3      | Noticed Terence
  2406 | D:3      | Killed Terence
  2407 | D:3      | Reached skill level 7 in Summonings
  3062 | D:4      | Noticed Menkaure
  3077 | D:4      | Killed Menkaure
  3078 | D:4      | Reached XP level 6. HP: 7/32 MP: 4/15
  3476 | D:4      | Noticed a wyvern
  3492 | D:4      | Killed a wyvern
  3493 | D:4      | Reached skill level 1 in Shields
  3493 | D:4      | Reached skill level 5 in Spellcasting
  3534 | D:4      | Learned a level 4 spell: Summon Lightning Spire
  3655 | D:4      | Noticed Sigmund
  3694 | D:4      | Killed Sigmund
  3695 | D:4      | Reached skill level 8 in Summonings
  3695 | D:4      | Reached XP level 7. HP: 31/36 MP: 11/17
  3862 | D:4      | Noticed Robin
  3865 | D:4      | Killed Robin
  4497 | D:5      | Entered Level 5 of the Dungeon
  4809 | D:5      | Learned a level 3 spell: Mephitic Cloud
  4832 | D:5      | Reached XP level 8. HP: 19/41 MP: 9/19
  4838 | D:5      | HP: 2/41 [poisoned by an orc wizard]
  4838 | D:5      | Killed from afar by an orc wizard

Illustrated notes

Levels and vault maps discovered:
D:1:      psy_arrival_dodecagon, layout_loops_ring
D:2:      layout_loops_ring, uniq_jessica
D:3:      layout_basic, uniq_terence
D:4:      layout_basic, uniq_sigmund, uniq_robin, uniq_menkaure
D:5:      layout_layer_cave, minmay_temple_entry_proselytizer,
          grunt_ministairs_9

Skill      XL: |  1  2  3  4  5  6  7 |
---------------+----------------------+-----
Summonings     | 5 6 7 8 |  8.7
Spellcasting   | 4 5 6 |  6.0
Dodging        | 3 4 |  4.5
Shields        | 1 2 |  2.4
Stealth        | |  2.4
Air Magic      | |  0.6

Action                   |  1- 3 |  4- 6 |  7- 9 || total
-------------------------+-------+-------+-------++-------
Melee: Unarmed           |     4 |       |       ||     4
       Dagger            |    22 |    19 |       ||    41
       Long sword        |       |     6 |    27 ||    33
 Cast: Summon Small Mamm |    29 |     4 |     2 ||    35
       Call Imp          |     6 |     8 |     2 ||    16
       Call Canine Famil |     2 |    11 |     6 ||    19
       Summon Guardian G |       |     4 |     1 ||     5
       Summon Lightning  |       |       |     1 ||     1
  Use: Scroll            |       |    14 |       ||    14
       Potion            |       |       |     1 ||     1
 Stab: Sleeping          |     3 |     1 |     1 ||     5
Armor: Robe              |     4 |       |     3 ||     7
       Leather armour    |    21 |     4 |       ||    25
Dodge: Dodged            |    38 |    13 |    12 ||    63
Block: Buckler           |       |       |    10 ||    10
